 Dungeon Crawl Stone Soup version 0.29-a0-2-g12fcac58f8 (webtiles) character file.

Game seed: 5880090117705003347

11 HallandMoats the Skirmisher (level 2, 26/26 HPs)
             Began as a Ghoul Monk on Jan 27, 2022.
             Was a Believer of Sif Muna.
             Safely got out of the dungeon.
             The game lasted 00:00:34 (450 turns).

HallandMoats the Skirmisher (Ghoul Monk)             Turns: 450, Time: 00:00:34

Health: 26/26      AC:  2    Str: 14    XL:     2   Next: 29%
Magic:  1/1        EV: 12    Int:  5    God:    Sif Muna [**....]
Gold:   12         SH:  0    Dex: 11    Spells: 1/1 levels left

rFire   . . .      SeeInvis .     - Unarmed
rCold   + . .      Faith    .   (no shield)
rNeg    + + +      Spirit   .   a - +0 robe
rPois   ∞          Reflect  .   (no helmet)
rElec   .          Harm     .   (no cloak)
rCorr   .          Rampage  .   (no gloves)
Will    .....                   (no boots)
Stlth   ++........              (no amulet)
HPRegen 0.08/turn               (no ring)
MPRegen 0.07/turn               (no ring)

@: no status effects
A: claws 1, cold resistance 1, negative energy resistance 3, inhibited
regeneration, torment resistance 2
a: Renounce Religion, Channel Magic


You escaped.
You worshipped Sif Muna.
Sif Muna was pleased with you.
You visited 1 branch of the dungeon, and saw 1 of its levels.

You collected 12 gold pieces.

Inventory:

Armour
 a - a +0 robe (worn)


   Skills:
 * Level 3.5 Fighting
 + Level 0.2 Armour
 + Level 2.7 Dodging
 - Level 2.1 Stealth
 * Level 3.4 Unarmed Combat
 * Level 0.7 Invocations


You had one spell level left.
You didn't know any spells.
Your spell library contained the following spells:

 Spells                   Type           Power      Damage    Failure   Level
 Summon Small Mammal      Summ           0%         N/A       47%         1
 Call Canine Familiar     Summ           0%         N/A       85%         3
 Summon Guardian Golem    Hex/Summ       0%         N/A       85%         3
 Chain Lightning          Conj/Air       0%         N/A       100%        9
 Fire Storm               Conj/Fire      0%         5d1       100%        9
 Shatter                  Erth           0%         3d5*      100%        9


Dungeon Overview and Level Annotations

Branches:
Dungeon (1/15)

Altars:
Sif Muna


Innate Abilities, Weirdness & Mutations

You thrive by killing the living.
You are immune to poison.
You have sharp fingernails.
Your flesh is cold resistant. (rC+)
You are immune to negative energy. (rN+++)
You do not regenerate when monsters are visible.
You are immune to unholy pain and torment.


Message History

You scratch the endoplasm.
You kill the endoplasm!
No target in view!
No target in view!
No target in view!
No target in view!
No target in view!
No target in view!
No target in view!
You scratch the withered plant.
You scratch the withered plant but do no damage.
You scratch the withered plant.
The withered plant begins to crumble.
The withered plant is lightly damaged.
You completely miss the withered plant.
The withered plant is lightly damaged.
You scratch the withered plant.
The withered plant is lightly damaged.
You scratch the withered plant.
The withered plant is lightly damaged.
The withered plant crumbles away.
There is a faded altar of an unknown god here.
You cannot tell which god this altar belongs to.
Convert to them anyway?
Sif Muna accepts your prayer! Sif Muna welcomes you!
You can now call upon Sif Muna for magical energy.
Unknown command.
Press < or > to pray at altars.
(D) Dungeon
Where to? (? - help)
What level of the Dungeon? (default 1, ? - help)
You open the door.
There is an open door here.
There is an open door here.
There is a staircase leading out of the dungeon here.
Annotate which branch? (. - D:1, ? - help, ! - show branch list)
There is no level above you.
Are you sure you want to leave the Dungeon?
This will make you lose the game! [Y]es or [N]o only, please.
Are you sure you want to leave the Dungeon?
This will make you lose the game!
You have escaped!

#....####.#.....# ###......#.
#....#....#.###### #........
#...##.##.#......# ##.......
#..'#..##.######.# #+......
#..#..###........# ### #.....#
#.###########.#### #.. ##....#
#.######...##'## #.# #.##.#
#.##.....#.'...+ #.####.##.#
#.'..#######.@.#####.#..'.##.#
#.####.....'...+.#.....##.##..
#.# #.#.####'##...######.####
#.# ####.###.#######.# ...
#....# #.###..#..# ...
#.######.##..#'..# ....
#......#.##.##...# .....
######.#....#....#
#.....######....#


There were no monsters in sight!

Vanquished Creatures
  A ball python (D:1)
  2 bats (D:1)
  2 endoplasms (D:1)
  A giant cockroach (D:1)
  A goblin (D:1)
  A quokka (D:1)
  A rat (D:1)
9 creatures vanquished.

Vanquished Creatures (others)
  A withered plant (D:1)
1 creature vanquished.

Grand Total: 10 creatures vanquished

Notes
Turn   | Place    | Note
-------+----------+-------------------------------------------
     0 | D:1      | HallandMoats the Ghoul Monk began the quest for the Orb.
     0 | D:1      | Reached XP level 1. HP: 19/19 MP: 0/0
   274 | D:1      | Reached XP level 2. HP: 26/26 MP: 1/1
   374 | D:1      | Found a faded altar of an unknown god.
   409 | D:1      | Prayed at the altar of an unknown god.
   409 | D:1      | Became a worshipper of Sif Muna the Loreminder
   409 | D:1      | Reached * piety under Sif Muna
   409 | D:1      | Reached ** piety under Sif Muna
   450 | D:$      | Safely got out of the dungeon.

Illustrated notes

Levels and vault maps discovered:
D:1:      nicolae_arrival_somewhat_less_tricky_arrival, layout_basic,
          ebering_ecumenical_altar_petrified, minmay_tromino_v7

Action                   || total
-------------------------++-------
Melee: Unarmed           ||    30
 Stab: Sleeping          ||     2
Armor: Robe              ||     2
Dodge: Dodged            ||    14

Table legend: (Time is in decaauts)
 A = Elapsed time spent in this place.
 B = Non-inter-level travel time spent in this place.
 C = Inter-level travel time spent in this place.
 D = Time resting spent in this place.
 E = Time spent auto-exploring this place.
 F = Levels seen in this place.
 G = Mean time per level.
                   A        B        C        D        E       F      G
               +--------+--------+--------+--------+--------+-----+--------+
         Total |    448 |    409 |     39 |      0 |    329 |   1 |  448.0 |
       Dungeon |    448 |    409 |     39 |      0 |    329 |   1 |  448.0 |
               +--------+--------+--------+--------+--------+-----+--------+

Top non-repeatable levels by time:
     D:1: 448 daAuts
